Map: Kairos Junction LE

Players

hinO - Winner!

  • Race: Zerg Zerg
  • Spawn Location: 5:00

HydraOrc

  • Race: Protoss Protoss
  • Spawn Location: 11:00

Event: 2019 WCS Summer

VOD

Have the link to the VOD?

Description

Time

  • Played on: July 12, 2019, 7:09 a.m.
  • Length: 8:31

All games in this series

Show
View Real Time Build Order
Export as new Build Order

hinO Zerg - Winner!

Build Orders: Hatch First 

Get SALT Encoding   

  12  0:00  Drone  
  13  0:13  Overlord  
  13  0:18  Drone  
  14  0:32  Drone x2  
  16  0:52  Drone  
  16  0:54  Drone  
  18  0:57  Drone  
  18  1:01  Hatchery  
  18  1:07  Extractor  
  17  1:17  Spawning Pool  
  16  1:21  Drone  
  16  1:22  Drone  
  18  1:30  Drone  
  19  1:39  Overlord  
  19  1:51  Drone  
  20  2:04  Zergling x2, Queen  
  23  2:10  Metabolic Boost  
  23  2:13  Queen  
  23  2:14  Zergling x2  
  26  2:16  Drone  
  27  2:23  Drone  
  27  2:26  Drone  
  29  2:33  Drone  
  29  2:36  Drone  
  31  2:44  Drone  
  32  2:48  Hatchery  
  31  2:52  Drone  
  31  2:54  Drone  
  31  2:56  Drone  
  34  3:06  Drone  
  34  3:07  Overlord  
  35  3:13  Drone  
  36  3:23  Overlord  
  35  3:27  Drone x3  
  35  3:31  Drone  
  38  3:38  Overlord  
  37  3:41  Drone  
  37  3:45  Drone x2  
  37  3:46  Drone  
  41  3:50  Drone x2  
  41  3:53  Drone x3, Evolution Chamber  
  45  3:59  Queen  
  45  4:00  Drone  
  45  4:02  Drone  
  49  4:03  Drone  
  49  4:05  Roach Warren  
  49  4:07  Extractor  
  48  4:12  Drone x2  
  48  4:14  Lair, Extractor  
  48  4:15  Drone, Extractor  
  49  4:20  Overlord  
  49  4:21  Drone x2  
  51  4:27  Drone x3  
  54  4:32  Drone x3  
  54  4:34  Zerg Missile Weapons Level 1  
  57  4:39  Drone x2  
  57  4:45  Overlord  
  59  4:46  Roach  
  59  4:47  Roach  
  59  4:49  Overlord  
  59  4:52  Roach  
  65  4:59  Overlord  
  65  5:01  Zergling x2  
  65  5:05  Roach x2  
  65  5:06  Roach x2  
  74  5:10  Glial Reconstitution  
  74  5:11  Overseer  
  74  5:12  Overlord  
  74  5:14  Roach  
  74  5:17  Roach  
  74  5:18  Roach  
  74  5:20  Roach  
  82  5:24  Overlord  
  82  5:26  Roach  
  84  5:34  Overlord  
  84  5:36  Roach x4  
  84  5:38  Ravager  
  84  5:42  Overlord x2  
  93  5:45  Ravager  
  93  5:47  Roach  
  93  5:49  Zergling x4, Roach  
  100  5:56  Ravager  
  101  5:58  Roach  
  101  6:00  Zergling x12  
  109  6:05  Overlord  
  109  6:06  Roach  
  109  6:08  Ravager  
  109  6:11  Roach  
  114  6:12  Overlord  
  114  6:13  Roach  
  114  6:14  Roach  
  114  6:17  Zergling x2, Roach  
  121  6:19  Zergling x2  
  121  6:24  Ravager  
  123  6:26  Roach  
  123  6:28  Roach  
  123  6:29  Zergling x8  
  131  6:35  Overlord  
  131  6:39  Roach x3  
  137  6:43  Ravager  
  139  6:47  Roach x2  
  139  6:49  Overlord  
  139  6:50  Overlord  
  139  6:54  Ravager  
  139  6:57  Zergling x6, Roach  
  145  7:01  Roach  
  145  7:02  Roach  
  145  7:15  Roach x6  
  135  7:21  Zergling x2, Roach x3  
  115  7:25  Zergling x2, Roach  
  115  7:26  Zergling x4, Roach  
  113  7:34  Ravager  
  113  7:35  Zergling x6  
  113  7:45  Roach  
  113  7:47  Roach x2  
  119  7:54  Roach  
  118  7:58  Zergling x2  
  118  7:59  Zergling x2  
  118  8:04  Overseer  
  120  8:08  Roach x4  
  120  8:09  Roach x5  
Show
View Real Time Build Order
Export as new Build Order

HydraOrc Protoss 

Build Orders: 1 Gate Expand, Zealot Archon 

Get SALT Encoding   

  12  0:00  Probe  
  13  0:12  Probe  
  14  0:19  Pylon  
  14  0:24  Probe  
  15  0:33  Probe  
  15  0:39  Gateway  
  15  0:41  Probe  
  17  0:50  Pylon  
  17  0:55  Assimilator  
  17  0:59  Probe  
  18  1:11  Probe  
  19  1:29  Nexus  
  20  1:32  Probe  
  20  1:45  Cybernetics Core  
  20  1:47  Probe  
  21  1:51  Assimilator  
  21  1:56  Probe  
  22  2:03  Pylon  
  22  2:04  Probe  
  22  2:11  Adept  
  22  2:13  Probe  
  23  2:22  Warp Gate  
  26  2:25  Probe  
  27  2:31  Adept  
  27  2:37  Gateway  
  27  2:43  Probe  
  30  2:45  Probe  
  31  2:54  Pylon  
  31  2:56  Probe  
  31  2:57  Probe  
  33  3:01  Sentry  
  35  3:08  Forge, Probe  
  35  3:12  Probe  
  37  3:21  Probe  
  38  3:28  Probe  
  38  3:33  Probe  
  40  3:39  Robotics Facility  
  40  3:40  Probe, Protoss Ground Weapons Level 1  
  39  3:42  Probe  
  39  3:45  Pylon  
  40  3:49  Assimilator  
  40  3:50  Probe  
  40  3:51  Sentry  
  40  3:52  Probe  
  44  3:57  Assimilator  
  44  3:59  Probe  
  45  4:04  Probe  
  45  4:06  Twilight Council  
  46  4:11  Probe  
  46  4:16  Probe  
  48  4:19  Gateway  
  48  4:20  Probe  
  48  4:21  Gateway  
  49  4:29  Probe  
  49  4:30  Probe  
  49  4:31  Immortal  
  55  4:42  Charge  
  55  4:49  Templar Archives  
  55  4:53  Gateway, Pylon  
  55  4:55  Gateway  
  55  5:10  Immortal  
  59  5:14  Gateway  
  59  5:17  Gateway  
  59  5:23  Zealot  
  61  5:33  Protoss Ground Weapons Level 2, Nexus  
  61  5:40  Pylon  
  61  5:41  Pylon  
  61  5:49  High Templar x2  
  66  5:50  Observer  
  66  5:53  Archon  
  66  5:56  Zealot x2  
  70  5:59  Probe  
  70  6:01  Pylon  
  71  6:07  Probe  
  71  6:09  High Templar x2  
  71  6:10  Warp Prism  
  78  6:14  Archon  
  78  6:16  Probe  
  78  6:17  Zealot x2  
  83  6:25  Zealot  
  83  6:26  Zealot  
  83  6:27  Zealot  
  83  6:30  Zealot  
  91  6:40  High Templar  
  91  6:43  Pylon  
  91  6:46  Pylon  
  93  6:50  High Templar  
  93  6:51  Zealot x3  
  101  6:54  Archon  
  101  6:58  Zealot x3  
  99  7:11  Zealot x3  
  99  7:12  Zealot  
  83  7:20  Zealot x3  
  72  7:28  Zealot  
  72  7:29  Probe  
  67  7:30  Immortal  
  67  7:35  Zealot  
  69  7:42  Shield Battery  
  69  7:47  Zealot x3  
  69  7:50  Zealot  
  66  7:57  Zealot x2  
  62  8:04  Zealot x2  
  61  8:12  Zealot x3  
  63  8:18  Zealot  
  55  8:22  Zealot  
Tags
 
Add a new tag
Caveats
  • Supply blocks, unpowered buildings, or Contaminate may cause inaccurate times.
  • Supply counts are checked every 10 seconds.